 Dungeon Crawl Stone Soup version 0.28.0-43-g3370ac3207 (webtiles) character file.

Game seed: 14208245680453239345

578 boopmooplesden the Chopper (level 7, -8/62 HPs)
             Began as a Minotaur Berserker on Mar 20, 2022.
             Was a Believer of Trog.
             Asphyxiated
             ... on level 5 of the Dungeon.
             The game lasted 00:04:04 (3793 turns).

boopmooplesden the Chopper (Minotaur Berserker)     Turns: 3793, Time: 00:04:04

Health: -8/62      AC: 15    Str: 21    XL:     7   Next: 13%
Magic:  6/6        EV:  7    Int:  6    God:    Trog [**....]
Gold:   182        SH:  0    Dex: 12    Spells: 6/6 levels left

rFire   . . .      SeeInvis .   a - +0 hand axe (venom)
rCold   . . .      Faith    .   (no shield)
rNeg    . . .      Spirit   .   k - +0 plate armour
rPois   .          Reflect  .   (helmet restricted)
rElec   .          Harm     .   (no cloak)
rCorr   .          Rampage  .   c - +1 pair of gloves "Seyson" {+Inv Int+2}
Will    .....                   e - +0 pair of boots
Stlth   ..........              (no amulet)
HPRegen 0.20/turn               (no ring)
MPRegen 0.10/turn               (no ring)

@: lethally poisoned (-8 -> -26), on berserk cooldown, slowed, very slow
A: horns 2, retaliatory headbutt
a: Renounce Religion, Evoke Invisibility, Berserk, Trog's Hand


You were on level 5 of the Dungeon.
You worshipped Trog.
Trog was pleased with you.
You visited 1 branch of the dungeon, and saw 5 of its levels.

You collected 182 gold pieces.

Inventory:

Hand Weapons
 a - a +0 hand axe of venom (weapon)
Missiles
 g - a throwing net (quivered)
Armour
 b - a +0 animal skin
 c - the +1 pair of gloves "Seyson" (worn) {+Inv Int+2}
   (You acquired it on level 4 of the Dungeon)

   Int:       It affects your intelligence (+2).
   +Inv:      It lets you turn invisible.
 e - a +0 pair of boots (worn)
 k - a +0 plate armour (worn)
Jewellery
 l - a +6 ring of dexterity
 m - a ring of resist corrosion
 q - a ring of protection from cold
Scrolls
 p - a scroll of vulnerability
Potions
 d - 3 potions of mutation
 f - a potion of invisibility {unknown}
 h - 2 potions of lignification {unknown}
 o - 2 potions of curing


   Skills:
 + Level 5.8 Fighting
 + Level 7.2 Axes
 + Level 4.7 Armour
 + Level 2.9 Dodging
 + Level 0.8 Stealth


You had 6 spell levels left.
You didn't know any spells.
Your spell library was empty.

Dungeon Overview and Level Annotations

Branches:
Dungeon (5/15)
 Temple: D:4-7

Altars:
Hepliaklqana
Makhleb
Okawaru
Zin


Innate Abilities, Weirdness & Mutations

You have a pair of horns on your head.
You reflexively headbutt those who attack you in melee.


Message History

* * * LOW HITPOINT WARNING * * *
The gnoll sergeant burns you.
* * * LOW HITPOINT WARNING * * *
The gnoll shouts!
You hit the gnoll sergeant.
You kill the gnoll sergeant!
Trog accepts your kill.
You barely miss the gnoll.
You have reached level 7!
You closely miss the gnoll.
The gnoll is moderately wounded.
The gnoll hits you but does no damage.
You slash the gnoll!
You kill the gnoll!
Trog accepts your kill.
Things that are here:
a +4 spear of flaming; a +0 scale mail You feel a strong urge to attack something.
The gnoll throws a curare-tipped dart.
The curare-tipped dart hits you.
You are poisoned.
You have difficulty breathing.
* * * LOW HITPOINT WARNING * * *
You feel yourself slow down.
* * * LOW HITPOINT WARNING * * *
You feel very sick.
You feel your anger nearly subside.
You are no longer berserk.
You are exhausted.
You feel as though you will be slow longer.
* * * LOW HITPOINT WARNING * * *
You feel sick.
* * * LOW HITPOINT WARNING * * *
You feel very sick.
Things that are here:
a +0 club; a +0 leather armour; a gnoll corpse
* * * LOW HITPOINT WARNING * * *
You feel sick.
The gnoll throws a curare-tipped dart.
The curare-tipped dart hits you.
You are more poisoned.
You have difficulty breathing.
You die...

#.............# #......##..
..............#######..........#
###########.........#..###.....#
....## ##........#...# ......
......# ######.......## ...##
.......########....#..# ...#
......g#(.....#.8..#.## .##
#....≈≈≈≈≈≈#.†....## .. #
#...()g..)@..(.....# .
#.................## .#
#....≈≈≈≈≈≈#......## ##.##.
......#......#.8.....# ......
.......########...###.##.#....
......# #....##...._..... ....##
.....###...#.#..## ##########
..............# ..........
......#......##


You could see 2 gnolls.

Vanquished Creatures
  A black bear (D:5)
  A gnoll sergeant (D:5)
  A scorpion (D:4)
  A water moccasin skeleton (D:4)
  2 hounds (D:5)
  A gnoll shaman (D:5)
  Terence (D:3)
  A hound zombie (D:5)
  6 gnolls (D:5)
  5 adders
  A shadow imp (D:5)
  An ufetubus (D:2)
  An adder zombie (D:5)
  2 worms (D:2)
  2 dart slugs
  5 orcs
  A bat (D:1)
  6 endoplasms
  7 goblins
  3 hobgoblins
  5 kobolds
  5 quokkas
  6 ball pythons
  2 frilled lizards (D:2)
  5 rats
72 creatures vanquished.

Notes
Turn   | Place    | Note
-------+----------+-------------------------------------------
     0 | D:1      | boopmooplesden the Minotaur Berserker began the quest for
                  | the Orb.
     0 | D:1      | Reached XP level 1. HP: 19/19 MP: 0/0
   380 | D:1      | Reached XP level 2. HP: 22/27 MP: 1/1
   648 | D:1      | Reached skill level 4 in Axes
   874 | D:1      | You fall into a shaft and drop 1 floor!
  1141 | D:2      | Reached XP level 3. HP: 33/33 MP: 2/2
  2181 | D:3      | Found a faded altar of an unknown god.
  2338 | D:3      | Reached XP level 4. HP: 41/41 MP: 3/3
  2420 | D:3      | Found a hazy altar of Hepliaklqana.
  2437 | D:3      | Noticed Terence
  2442 | D:3      | Killed Terence
  2443 | D:3      | Reached skill level 5 in Axes
  2492 | D:3      | Reached ** piety under Trog
  2629 | D:4      | Noticed a scorpion
  2633 | D:4      | Killed a scorpion
  2634 | D:4      | Reached XP level 5. HP: 47/47 MP: 4/4
  2638 | D:4      | Reached skill level 5 in Fighting
  2638 | D:4      | Reached skill level 6 in Axes
  2803 | D:4      | Noticed a cacodemon
  2804 | D:4      | Found a burning altar of Makhleb.
  2808 | D:4      | Found a glowing silver altar of Zin.
  2808 | D:4      | Noticed an angel
  3390 | D:4      | Identified a scroll of acquirement
  3390 | D:4      | Acquired the +1 pair of gloves "Seyson" {+Inv Int+2}
  3413 | D:5      | Entered Level 5 of the Dungeon
  3437 | D:5      | Reached XP level 6. HP: 42/56 MP: 5/5
  3597 | D:5      | Found an iron altar of Okawaru.
  3776 | D:5      | Reached skill level 7 in Axes
  3786 | D:5      | Reached XP level 7. HP: 20/62 MP: 6/6
  3792 | D:5      | HP: 2/62 [poisoned by a gnoll (curare-tipped dart)]
  3793 | D:5      | Asphyxiated

Illustrated notes

Levels and vault maps discovered:
D:1:      eino_arrival_cavern_a, layout_loops_corners
D:2:      layout_loops_corners
D:3:      layout_rooms, mainiacjoe_overflow_alcove_2,
          hellmonk_ecumenical_altar_zigzags, uniq_terence
D:4:      layout_loops_cross, grunt_temple_overflow_order_and_chaos_2
D:5:      layout_cave_pools, grunt_temple_overflow_open, lemuel_crystal_altar,
          minmay_temple_entry_statues_fountains, serial_gnoll_camp,
          gnoll_camp_medium_02, gnoll_camp_mini_loothouse, gnoll_camp_mini_shop,
          gnoll_camp_medium_01, serial_shops, nicolae_shop_stone

Skill      XL: |  1  2  3  4  5  6 |
---------------+-------------------+-----
Axes           | 4 5 6 7 |  7.2
Fighting       | 4 5 |  5.8
Armour         | 3 4 |  4.7
Dodging        | |  2.9
Stealth        | |  0.8

Action                   |  1- 3 |  4- 6 |  7- 9 || total
-------------------------+-------+-------+-------++-------
Melee: Hand axe          |    76 |   122 |     2 ||   200
       Headbutt          |    14 |    16 |       ||    30
       Punch             |     2 |     2 |       ||     4
Invok: Berserk           |       |     3 |       ||     3
  Use: Scroll            |       |     8 |       ||     8
Armor: Animal skin       |    10 |       |       ||    10
       Plate armour      |     8 |    85 |     1 ||    94
Dodge: Dodged            |    41 |    57 |       ||    98
